 Dungeon Crawl Stone Soup version 0.26-a0-579-g3afe4966bf (webtiles) character file.

Game seed: 3116339895400347099

6 ANON1729 the Sneak (level 1, -3/18 HPs)
             Began as a Demonspawn Delver on Aug 23, 2020.
             Slain by a scorpion (4 damage)
             ... on level 6 of the Dungeon.
             The game lasted 00:00:39 (112 turns).

ANON1729 the Sneak (Demonspawn Delver)               Turns: 112, Time: 00:00:39

Health: -3/18      AC:  3    Str: 12    XL:     1   Next: 75%
Magic:  1/1        EV: 12    Int: 11    God:
Gold:   0          SH:  0    Dex: 14    Spells: 0/0 levels left

rFire    . . .     SeeInvis .   a - +0 falchion
rCold    . . .     Faith    .   (no shield)
rNeg     . . .     Spirit   .   b - +0 leather armour
rPois    .         Reflect  .   (no helmet)
rElec    .         Harm     .   (no cloak)
rCorr    .                      (no gloves)
MR       .....                  (no boots)
Stlth    +++.......             (no amulet)
HPRegen  0.06/turn              (no ring)
MPRegen  0.07/turn              (no ring)

@: no status effects
A: no striking features
a: no special abilities


You were on level 6 of the Dungeon.
You visited 1 branch of the dungeon, and saw 2 of its levels.

Inventory:

Hand Weapons
 a - a +0 falchion (weapon)
Armour
 b - a +0 leather armour (worn)
Wands
 g - a wand of digging (3)
Scrolls
 c - a scroll of fog
 d - a scroll of magic mapping
 e - 2 scrolls of fear
Potions
 f - a potion of haste


   Skills:
 + Level 3.1 Fighting
 + Level 1.9 Long Blades
 + Level 1.9 Dodging
 + Level 4.6 Stealth


You couldn't memorise any spells.
You didn't know any spells.
Your spell library was empty.

Dungeon Overview and Level Annotations

Branches:
Dungeon (6/15)
 Temple: D:4-7

Altars:


Message History

The quokka skeleton closely misses you.
You riposte.
You slash the quokka skeleton!
You destroy the quokka skeleton!
Found an escape hatch in the floor.
An orc priest comes into view. It is wielding a +0 short sword.
An orc warrior comes into view. It is wielding a +0 battleaxe.
An orc comes into view. It is wielding a +0 hand axe.
The orc priest looks satisfied for a moment.
The orc wizard casts a spell at you. The magic dart hits you.
* * * LOW HITPOINT WARNING * * *
The orc priest looks braver for a moment.
Found a quarterstaff.
The orc wizard hits you but does no damage.
The orc wizard casts a spell.
The orc wizard flickers and vanishes!
Deactivating autopickup; reactivate with Ctrl-A.
The ice beast hits you but does no damage.
The scorpion stings you.
You die...

.............#
..............#
.............##
....#........#
.####.......##### ## ..#
#.##.....#..### #..## ..#
#..#..........#.....#
..###....o..So.sY.......#
....##.......###@#)..#..#
.........o...# #####....#
.#..........## ...#
####.(.....##.. ###
###............o
.............>##
#...#..........#
###............#
#.......####..#


You could see an orc warrior (wandering), an ice beast, a scorpion, an orc
priest and a ball python.

Vanquished Creatures
  An adder skeleton (D:6)
  A leopard gecko (D:6)
  A quokka skeleton (D:6)
3 creatures vanquished.

Notes
Turn   | Place    | Note
-------+----------+-------------------------------------------
     0 | D:5      | ANON1729 the Demonspawn Delver began the quest for the Orb.
     0 | D:5      | Reached XP level 1. HP: 18/18 MP: 1/1
    24 | D:5      | Noticed an iguana
    58 | D:6      | Noticed an ice beast
    90 | D:6      | Noticed a scorpion
   100 | D:6      | Noticed an orc wizard
   101 | D:6      | Noticed an orc priest
   101 | D:6      | Noticed an orc warrior
   112 | D:6      | Slain by a scorpion

Illustrated notes

Levels and vault maps discovered:
D:5:      layout_loops_ring, minmay_temple_entry_wispy, serial_shops, shop
D:6:      layout_cave_pools, nicolae_ru_sacrificial_ziggurat,
          wad_rectangle_vault

Action                   || total
-------------------------++-------
Melee: Falchion          ||     8
Armor: Leather armour    ||     4
Dodge: Dodged            ||    10
       Rpst.: Falchion   ||     2

Table legend: (Time is in decaauts)
 A = Elapsed time spent in this place.
 B = Non-inter-level travel time spent in this place.
 C = Inter-level travel time spent in this place.
 D = Time resting spent in this place.
 E = Time spent auto-exploring this place.
 F = Levels seen in this place.
 G = Mean time per level.
                   A        B        C        D        E       F      G
               +--------+--------+--------+--------+--------+-----+--------+
         Total |    113 |    113 |      0 |      0 |     32 |   2 |   56.5 |
       Dungeon |    113 |    113 |      0 |      0 |     32 |   2 |   56.5 |
               +--------+--------+--------+--------+--------+-----+--------+

Top non-repeatable levels by time:
     D:6: 66 daAuts
     D:5: 47 daAuts
